 Dungeon Crawl Stone Soup version 0.28.0-45-g0d030f2227 (webtiles) character file.

Game seed: 16338452317120413322

1026 Fartwhistle the Covert (level 8, -9/39 (42) HPs)
             Began as a Spriggan Brigand on May 22, 2022.
             Was an Initiate of Gozag.
             Mangled by a wight
             ... wielding a +3 halberd
              (13 damage)
             ... on level 6 of the Dungeon.
             The game lasted 00:15:53 (6806 turns).

Fartwhistle the Covert (Spriggan Brigand)           Turns: 6806, Time: 00:15:54

HP:   -9/39 (42)    AC:  3    Str:  7    XL:     8   Next: 2%
MP:   9/9           EV: 23    Int:  7    God:    Gozag
Gold: 166           SH:  0    Dex: 27    Spells: 7/7 levels left

rFire   . . .      SeeInvis +   j - +3 whip "Wuosum" {venom, rN+ Int-5 Dex+2 Stlth+}
rCold   . . .      Faith    .   (no shield)
rNeg    + . .      Spirit   .   b - +0 robe
rPois   .          Reflect  .   (helmet restricted)
rElec   .          Harm     .   c - +0 cloak
rCorr   .          Rampage  .   (gloves unavailable)
Will    +....                   (boots unavailable)
Stlth   ++++++....              (no amulet)
HPRegen 0.13/turn               m - +6 ring of dexterity
MPRegen 0.11/turn               (no ring)

@: drained, very quick
A: very small, no large weapons, unfitting armour, see invisible, speed 3
a: Renounce Religion, Potion Petition, Call Merchant, Bribe Branch


You were on level 6 of the Dungeon.
You worshipped Gozag.
Gozag was aware of your devotion.
You visited 1 branch of the dungeon, and saw 7 of its levels.

You collected 407 gold pieces.
You spent 173 gold pieces at shops.
You paid 68 gold pieces to Gozag.

Inventory:

Hand Weapons
 a - a +2 dagger of protection
 j - the +3 whip "Wuosum" (weapon) {venom, rN+ Int-5 Dex+2 Stlth+}
   (You found it on level 2 of the Dungeon)

   It poisons the flesh of those it strikes.
   Int:       It affects your intelligence (-5).
   Dex:       It affects your dexterity (+2).
   rN:        It protects you from negative energy.
   Stlth:     It makes you more stealthy.
Missiles
 d - 15 poisoned darts (quivered)
 e - 2 curare-tipped darts
 k - a throwing net
Armour
 b - a +0 robe (worn)
 c - a +0 cloak (worn)
 n - a +0 buckler
Jewellery
 m - a +6 ring of dexterity (left hand)
Wands
 q - a wand of iceblast (8)
Scrolls
 f - a scroll of magic mapping {unknown}
 h - a scroll of fear {unknown}
 i - 2 scrolls of blinking
 o - a scroll of fog {unknown}
 u - 2 scrolls of identify {unknown}
 v - a scroll of teleportation
 w - 2 scrolls of brand weapon
 y - a scroll of noise {unknown}
Potions
 g - a potion of heal wounds {unknown}
 l - 3 potions of curing {unknown}
 p - a potion of ambrosia {unknown}
 r - a potion of lignification {unknown}
 s - a potion of might
 t - a potion of berserk rage {unknown}
 x - a potion of mutation {unknown}


   Skills:
 + Level 4.0 Fighting
 + Level 6.1 Short Blades
 + Level 2.2 Throwing
 + Level 6.1 Dodging
 - Level 8.4 Stealth
 * Level 0.0 Evocations


You had 7 spell levels left.
You didn't know any spells.
Your spell library contained the following spells:

 Spells                   Type           Power      Damage    Failure   Level
 Foxfire                  Conj/Fire      0%         2x1d4     43%         1
 Magic Dart               Conj           0%         1d3       43%         1
 Blink                    Tloc           0%         N/A       56%         2
 Call Imp                 Summ           0%         N/A       56%         2
 Conjure Flame            Conj/Fire      0%         6-21      80%         3
 Inner Flame              Hex/Fire       0%         N/A       80%         3
 Lesser Beckoning         Tloc           0%         N/A       80%         3
 Mephitic Cloud           Conj/Pois/Air  0%         N/A       80%         3
 Flame Wave               Conj/Fire      0%         2d4       99%         4
 Manifold Assault         Tloc           0%         N/A       100%        5


Dungeon Overview and Level Annotations

Branches:
Dungeon (7/15)
 Temple: D:4-7

Altars:
Elyvilon
Gozag

Shops:
D:3 ?   D:5 *


Innate Abilities, Weirdness & Mutations

You are very small and have problems with some larger weapons.
You are too small for most types of armour.
You have supernaturally acute eyesight. (SInv)
You cover ground extremely quickly. (Speed+++)


Message History

The wight is lightly damaged.
The wight completely misses you.
You hit the wight but do no damage.
The wight is lightly damaged.
The wight closely misses you. The wight completely misses you.
You hit the wight but do no damage.
The wight is lightly damaged.
The wight hits you with a +3 halberd.
You hit the wight.
The wight is lightly damaged.
The wight hits you with a +3 halberd. You partially resist.
You feel drained.
You barely miss the wight.
The wight is lightly damaged.
The wight hits you with a +3 halberd! You partially resist.
You feel drained.
You barely miss the wight.
The wight is lightly damaged.
The wight misses you.
You hit the wight.
The wight is moderately damaged.
The wight closely misses you.
You hit the wight but do no damage.
The wight is moderately damaged.
The wight completely misses you.
You hit the wight.
The wight is heavily damaged.
The wight completely misses you.
You hit the wight but do no damage.
The wight is heavily damaged.
The wight completely misses you.
You hit the wight.
The wight is severely damaged.
The wight hits you with a +3 halberd!!
* * * LOW HITPOINT WARNING * * *
You partially resist.
You feel drained.
* * * LOW HITPOINT WARNING * * *
You barely miss the wight.
The wight is severely damaged.
The wight hits you with a +3 halberd!
You die...
Your body crumbles into a pile of gold.

#..#....................
#..#.#..................
...............<......^.
#......#######...#####.
...#.### #...# ####.#
#...# #.# #...# #.#
##...#### ### #...@z..#
##...##.#######
##.##.........
##########..###.###
#...<........##.###
#.#........z......#
###.#>........##.....
#.(.#..........#..#.#
######.z......$......


You could see a wight.

Vanquished Creatures
  Sigmund (D:3)
  An orc warrior (D:6)
  A black bear (D:5)
  An ogre (D:5)
  A phantom (D:6)
  A centaur (D:5)
  A kobold brigand (D:5)
  A howler monkey (D:5)
  A jelly (D:5)
  An orc priest (D:6)
  A hound (D:4)
  A bullfrog skeleton (D:6)
  An iguana (D:6)
  Natasha (D:3)
  2 gnolls (D:1)
  4 adders
  An adder skeleton (D:2)
  2 worms
  A dart slug (D:3)
  9 orcs
  9 ball pythons
  8 bats
  12 endoplasms
  6 goblins
  7 hobgoblins
  10 jackals
  11 kobolds
  4 quokkas
  6 frilled lizards
  4 rats
110 creatures vanquished.

Notes
Turn   | Place    | Note
-------+----------+-------------------------------------------
     0 | D:1      | Fartwhistle the Spriggan Brigand began the quest for the
                  | Orb.
     0 | D:1      | Reached XP level 1. HP: 10/10 MP: 2/2
    79 | D:1      | Reached skill level 6 in Stealth
   234 | D:1      | Reached XP level 2. HP: 14/14 MP: 3/3
   461 | D:1      | Reached skill level 7 in Stealth
   468 | D:1      | Reached XP level 3. HP: 18/18 MP: 4/4
  1287 | D:1      | Found a faded altar of an unknown god.
  1571 | D:2      | Identified the +3 whip "Wuosum" {venom, rN+ Int-5 Dex+2
                  | Stlth+}
  1634 | D:2      | Reached XP level 4. HP: 15/22 MP: 5/5
  2065 | D:2      | Reached skill level 8 in Stealth
  2981 | D:3      | Found Rabaubb's Magic Scroll Emporium.
  2986 | D:3      | Bought a scroll of blinking for 97 gold pieces
  3294 | D:3      | Noticed Sigmund
  3453 | D:4      | Reached XP level 5. HP: 22/26 MP: 6/6
  3795 | D:4      | Found a white marble altar of Elyvilon.
  4277 | D:5      | Entered Level 5 of the Dungeon
  4451 | D:3      | Found an opulent altar of Gozag.
  4453 | D:3      | Noticed Natasha
  4460 | D:3      | Killed Natasha
  4477 | D:3      | Became a worshipper of Gozag Ym Sagoz the Greedy
  4773 | D:3      | Killed Sigmund
  4774 | D:3      | Reached XP level 6. HP: 23/32 MP: 7/7
  4903 | D:5      | You fall into a shaft and drop 2 floors!
  5026 | D:6      | Found a white marble altar of Elyvilon.
  5062 | D:6      | Reached skill level 5 in Short Blades
  5281 | D:6      | Noticed an orc warrior
  5289 | D:6      | Killed an orc warrior
  5290 | D:6      | Reached XP level 7. HP: 33/36 MP: 8/8
  5403 | D:5      | Found Yryimiuh's Assorted Antiques.
  5466 | D:5      | Reached skill level 5 in Dodging
  6380 | D:5      | Reached XP level 8. HP: 30/42 MP: 9/9
  6616 | D:5      | Bought a curved fluorescent wand for 76 gold pieces
  6806 | D:6      | Mangled by a wight

Illustrated notes

Levels and vault maps discovered:
D:1:      lightli_arrival_maybe_door_vault, layout_loops_corners,
          dilly_ecumenical_altar_fadedgnrine, kennysheep_crisscross,
          hangedman_abyss_or_decor_stabs
D:2:      layout_loops_corners
D:3:      layout_basic, nicolae_gozag_cash_rules_everything_around_me,
          serial_shops, shop, uniq_sigmund, uniq_natasha
D:4:      layout_loops_ring, nicolae_elyvilon_peaceful_grove
D:5:      layout_rooms, serial_corexii_hall, chequers_hall_statues_wall_a,
          corexii_hall_statues_x, corexii_hall_statues_deadend,
          kennysheep_windowed_goal
D:6:      layout_loops_cross, minmay_overflow_temple_star_quad,
          minmay_temple_entry_antechambers, nicolae_ossuary_entry_catacombs,
          hangedman_feature_mirror
D:7:      lemuel_ice_spiral_2, layout_basic, mainiacjoe_overflow_alcove_4,
          uniq_duvessa

Skill      XL: |  1  2  3  4  5  6  7 |
---------------+----------------------+-----
Stealth        | 6 7 8 |  8.4
Short Blades   | 3 4 5 6 |  6.1
Dodging        | 3 4 6 |  6.1
Fighting       | 2 3 4 |  4.0
Throwing       | |  2.2

Action                   |  1- 3 |  4- 6 |  7- 9 || total
-------------------------+-------+-------+-------++-------
Melee: Dagger            |    78 |    45 |    27 ||   150
       Whip              |     3 |    82 |    57 ||   142
       Punch             |     1 |     3 |       ||     4
Throw: Dart              |     2 |     1 |     5 ||     8
Evoke: Wand              |       |     9 |       ||     9
  Use: Scroll            |       |     2 |       ||     2
 Stab: Sleeping          |    23 |    20 |     1 ||    44
       Paralysed         |       |     2 |       ||     2
       Distracted        |       |     1 |     1 ||     2
Armor: Robe              |     6 |    18 |     7 ||    31
Dodge: Dodged            |    37 |    66 |    78 ||   181
